 Dungeon Crawl Stone Soup version 0.30-a0-140-gd1020e658a (webtiles) character file.

Game seed: 5397321462014918299

175 qw the Chopper (level 5, 0/32 HPs)
             Began as a Gargoyle Fighter on Sept 24, 2022.
             Slain by Grinder (3 damage)
             ... while paralysed by Grinder
             ... on level 3 of the Dungeon.
             The game lasted 00:00:58 (2435 turns).

qw the Chopper (Gargoyle Fighter)                   Turns: 2435, Time: 00:00:59

Health: 0/32       AC: 12    Str: 22    XL:     5   Next: 55%
Magic:  5/5        EV:  2    Int:  8    God:
Gold:   160        SH:  0    Dex:  9    Spells: 4/4 levels left

rFire   . . .      SeeInvis .    Y - +1 war axe
rCold   + . .      Faith    .    c - +0 buckler
rNeg    + . .      Spirit   .    b - +0 scale mail
rPois   inf        Reflect  .    (no helmet)
rElec   +          Harm     .    (no cloak)
rCorr   .          Rampage  .    (no gloves)
Will    .....                    n - +0 pair of boots
Stlth   ..........               (no amulet)
HPRegen 0.10/turn                m - ring of protection from cold
MPRegen 0.09/turn                (no ring)

@: paralysed
A: sickness immunity, AC +4, negative energy resistance 1, electricity
resistance, torment resistance 1, petrification resistance
a: no special abilities


You were on level 3 of the Dungeon.
You visited 1 branch of the dungeon, and saw 3 of its levels.

You collected 160 gold pieces.


Innate Abilities, Weirdness & Mutations

You are immune to sickness and miasma.
Your stone body is resilient. (AC +4)
You are immune to poison.
You resist negative energy. (rN+)
You are resistant to electric shocks. (rElec)
You are resistant to unholy torment.
You are immune to petrification.


   Skills:
 + Level 3.5 Fighting
 - Level 5.0 Axes
 - Level 3.2 Armour
 - Level 3.2 Shields


You had 4 spell levels left.
You didn't know any spells.
Your spell library was empty.

Inventory:

Hand Weapons
 j - the +7 mace "Bixt" {speed, *Corrode +Blink rN+}
   (You found it on level 3 of the Dungeon)

   Attacks with this weapon are significantly faster.
   rN:        It protects you from negative energy.
   +Blink:    It lets you blink.
   *Corrode:  It may corrode you when you take damage.
 Y - a +1 war axe (weapon)
Armour
 b - a +0 scale mail (worn)
 c - a +0 buckler (worn)
 n - a +0 pair of boots (worn)
Jewellery
 a - the amulet "Poomyf" {RegenMP Harm *Slow rC+++ Int-2}
   (You found it on level 2 of the Dungeon)

   [amulet of magic regeneration]

   It increases your rate of magic regeneration.
   Int:       It affects your intelligence (-2).
   rC:        It renders you almost immune to cold.
   *Slow:     It may slow you when you take damage.
   Harm:      It increases damage dealt and taken.
 m - a ring of protection from cold (left hand)
Scrolls
 g - 2 scrolls of immolation {unknown}
 i - a scroll of identify
Potions
 d - a potion of might
 e - a potion of curing
 f - a potion of flight {unknown}
 h - a potion of invisibility {unknown}
 l - a potion of berserk rage {unknown}
 o - a potion of heal wounds {unknown}

Dungeon Overview and Level Annotations

Branches:
Dungeon (3/15)

Altars:

Annotations:
D:3 Grinder


Message History

Grinder is lightly wounded.
You closely miss the hobgoblin. You barely miss the worm.
The hobgoblin hits you with a +0 club. Grinder hits you but does no damage.
You barely miss Grinder.
Grinder is lightly wounded.
You barely miss the hobgoblin. You hit the worm.
Grinder hits you but does no damage. The hobgoblin closely misses you.
The worm bites you but does no damage.
You hit the worm.
The worm is heavily wounded.
You barely miss Grinder. You hit the hobgoblin but do no damage.
The hobgoblin hits you but does no damage.
Grinder blinks!
The worm bites you. The hobgoblin closely misses you.
You block the giant cockroach's attack.
You hit the worm.
The worm is heavily wounded.
You hit the giant cockroach but do no damage.
You barely miss the hobgoblin. You closely miss Grinder.
The giant cockroach misses you. Grinder gestures at you.
Pain shoots through your body!
The hobgoblin hits you but does no damage.
The worm bites you but does no damage.
You slash the worm!
The worm is almost dead.
You closely miss the giant cockroach. You hit the hobgoblin.
You closely miss Grinder.
The giant cockroach bites you but does no damage.
The hobgoblin hits you with a +0 club. Grinder hits you but does no damage.
The giant cockroach bites you but does no damage.
You hit the worm.
You kill the worm!
You barely miss the giant cockroach. You hit the hobgoblin but do no damage.
You hit Grinder. The hobgoblin hits you with a +0 club.
Grinder gestures at you.
You suddenly lose the ability to move!
The giant cockroach bites you but does no damage.
The hobgoblin hits you with a +0 club. Grinder hits you!
You writhe in agony.
You die...

##'###### ........#
........###
.?........#
........# ......#
#Bg..# +.@..+
#.5..# #....#
######## #....#
#......# ###'##
#......# #[#
#......######.#
#..........##'##
#..............####


You could see Grinder, a giant cockroach and a hobgoblin.

Vanquished Creatures
  A scorpion (D:2)
  3 adders
  2 worms
  4 dart slugs
  5 endoplasms
  4 giant cockroaches (D:1)
  7 goblins
  7 hobgoblins
  11 jackals
  4 ball pythons
  7 bats
  4 frilled lizards
  7 kobolds
  6 rats
72 creatures vanquished.

Notes
Turn   | Place    | Note
-------+----------+-------------------------------------------
     0 | D:1      | qw the Gargoyle Fighter began the quest for the Orb.
     0 | D:1      | Reached XP level 1. HP: 14/14 MP: 1/1
     0 | D:1      | 0 ||| qw: Version: 0.1.0-9-gbc19398
     0 | D:1      | 0 ||| qw: Game counter: 36
     0 | D:1      | 0 ||| qw: Always use a shield: true
     0 | D:1      | 0 ||| qw: God list: Okawaru
     0 | D:1      | 0 ||| qw: Allow faded altars: false
     0 | D:1      | 0 ||| qw: Do Orc after D:15 true
     0 | D:1      | 0 ||| qw: Do second Lair branch before Depths: true
     0 | D:1      | 0 ||| qw: Lair rune preference: random
     0 | D:1      | 0 ||| qw: Plans: Normal, Zot:1-4, God:TSO, Crypt, Tomb,
                  | Pan, Slime:5, Hells, Abyss, Orb
     0 | D:1      | 0 ||| PLANNING D:1-11
    60 | D:1      | Reached skill level 2 in Axes
    65 | D:1      | 65 ||| Stepping ~*~*~tactically~*~*~ (stealth).
    93 | D:1      | Reached XP level 2. HP: 11/19 MP: 2/2
   287 | D:1      | Found a faded altar of an unknown god.
   379 | D:1      | 379 ||| Stepping ~*~*~tactically~*~*~ (hiding).
   398 | D:1      | Reached skill level 3 in Axes
   518 | D:1      | Reached XP level 3. HP: 23/23 MP: 3/3
  1170 | D:1      | 1170 ||| READING 2 scrolls labelled UPY CECKAKKE.
  1171 | D:1      | 1171 ||| READING scroll labelled UDIHYM ASHE.
  1172 | D:1      | 1172 ||| DROPPING scroll of blinking.
  1197 | D:2      | 1197 ||| STAIRDANCE
  1203 | D:2      | 1203 ||| STAIRDANCE
  1277 | D:2      | 1277 ||| Stepping ~*~*~tactically~*~*~ (hiding).
  1278 | D:2      | 1278 ||| Stepping ~*~*~tactically~*~*~ (hiding).
  1307 | D:2      | Identified the amulet "Poomyf" {RegenMP Harm *Slow rC+++
                  | Int-2}
  1370 | D:2      | Reached XP level 4. HP: 19/28 MP: 4/4
  1478 | D:2      | Reached skill level 4 in Axes
  1821 | D:2      | 1821 ||| Stepping ~*~*~tactically~*~*~ (hiding).
  1827 | D:2      | 1827 ||| Stepping ~*~*~tactically~*~*~ (hiding).
  1848 | D:2      | 1848 ||| Stepping ~*~*~tactically~*~*~ (stealth).
  2073 | D:2      | 2073 ||| Stepping ~*~*~tactically~*~*~ (stealth).
  2078 | D:2      | 2078 ||| Stepping ~*~*~tactically~*~*~ (stealth).
  2185 | D:2      | Noticed a scorpion
  2195 | D:2      | Killed a scorpion
  2196 | D:2      | Reached skill level 5 in Axes
  2196 | D:2      | Reached XP level 5. HP: 24/32 MP: 5/5
  2293 | D:2      | 2293 ||| UPGRADING to +0 pair of boots.
  2298 | D:2      | 2298 ||| UPGRADING to ring of protection from cold.
  2299 | D:2      | 2299 ||| READING scroll labelled VENIOLO MUYDGH.
  2304 | D:2      | 2304 ||| READING scroll labelled QEQASO FUFUSM.
  2305 | D:2      | 2305 ||| READING scroll labelled RUIJY XUMOMP.
  2306 | D:2      | 2306 ||| READING 2 scrolls of identify.
  2306 | D:2      | 2306 ||| IDENTIFYING dark potion
  2357 | D:3      | Identified the +7 mace "Bixt" {speed, *Corrode +Blink rN+}
  2359 | D:3      | 2359 ||| DROPPING +0 whip.
  2425 | D:3      | Noticed Grinder
  2435 | D:3      | Paralysed by Grinder for 5 turns
  2435 | D:3      | HP: 3/32 [Grinder (7)]
  2435 | D:3      | Slain by Grinder

Levels and vault maps discovered:
D:1:      dpeg_arrival_rhombus, layout_loops_ring,
          shapermc_ecumenical_altar_mp_urbaneastern
D:2:      kennysheep_big_flooded_room, layout_basic, minmay_stone_trees_small,
          grunt_ministairs_3
D:3:      layout_basic, kennysheep_flooded_box, uniq_grinder

Skill      XL: |  1  2  3  4 |
---------------+-------------+-----
Axes           | 2 3 5 |  5.0
Fighting       | |  3.5
Armour         | |  3.2
Shields        | |  3.2

Action                   |  1- 3 |  4- 6 || total
-------------------------+-------+-------++-------
Melee: War axe           |   143 |    63 ||   206
  Use: Scroll            |     2 |     4 ||     6
Armor: Scale mail        |   110 |    43 ||   153
Dodge: Dodged            |    96 |    31 ||   127
Block: Buckler           |    34 |    12 ||    46

Table legend:
 A = Non-vault XP
 B = Vault XP
 C = Vault XP percentage of total XP
 D = Non-vault monster count
 E = Vault monster count
 F = Vault count percentage of total count
                 A         B        C        D         E       F
            +---------+---------+-------+---------+---------+-------
      Total |     244 |      11 |   4.3 |      66 |       6 |   8.3
            +---------+---------+-------+---------+---------+-------
        D:1 |      60 |       0 |   0.0 |      34 |       0 |   0.0
        D:2 |     160 |      11 |   6.4 |      27 |       6 |  18.2
        D:3 |      24 |       0 |   0.0 |       5 |       0 |   0.0
            +---------+---------+-------+---------+---------+-------
